 Dungeon Crawl Stone Soup version 0.29-a0-72-g1732ff48e7 (webtiles) character file.

Game seed: 11834272885945132804

3356 Woods the Magician (level 10, -14/64 HPs)
             Began as a Djinni Fire Elementalist on Feb 3, 2022.
             Was a Follower of Makhleb.
             Demolished by a death yak (16 damage)
             ... on level 8 of the Dungeon.
             The game lasted 00:17:45 (12377 turns).

Woods the Magician (Djinni Fire Elementalist)      Turns: 12377, Time: 00:17:45

Health: -14/64     AC:  2    Str:  7    XL:     10   Next: 23%
Gold:   300        EV: 14    Int: 21    God:    Makhleb [*.....] SH:  0 Dex: 14

rFire   + + .      SeeInvis .     - Unarmed
rCold   x . .      Faith    .   (no shield)
rNeg    . . .      Spirit   .   a - +0 robe
rPois   ∞          Reflect  .   (no helmet)
rElec   .          Harm     .   (no cloak)
rCorr   .          Rampage  .   (no gloves)
Will    ++...                   (boots unavailable)
Stlth   +++.......              (no amulet)
HPRegen 0.20/turn               g - ring of willpower
MPRegen 0.00/turn               (no ring)

@: flying
A: sickness immunity, fire resistance 2, cold vulnerability 1, float, innate
caster, HP casting, extra vitality 1
a: Renounce Religion


You were on level 8 of the Dungeon.
You worshipped Makhleb.
Makhleb was aware of your devotion.
You visited 2 branches of the dungeon, and saw 9 of its levels.

You collected 300 gold pieces.

Inventory:

Armour
 a - a +0 robe (worn)
 c - a +2 cloak of poison resistance
Jewellery
 f - a +6 ring of strength
 g - a ring of willpower (left hand)
 o - a ring of protection from fire
 q - a ring of protection from cold
Wands
 h - a wand of polymorph (9)
 v - a wand of paralysis (3)
Scrolls
 d - 4 scrolls of vulnerability
 e - 2 scrolls of amnesia
 i - a scroll of torment
 k - a scroll of enchant weapon
 l - a scroll of summoning
 s - a scroll of fog {unknown}
 t - 3 scrolls of identify
Potions
 b - 4 potions of attraction {unknown}
 j - 4 potions of curing {unknown}
 m - a potion of heal wounds {unknown}
 n - 2 potions of flight {unknown}
 p - a potion of ambrosia {unknown}
 r - a potion of berserk rage {unknown}
 u - a potion of degeneration {unknown}


   Skills:
 + Level 2.0 Fighting
 - Level 1.9(2.3) Short Blades
 - Level 1.9(2.3) Long Blades
 - Level 1.8(2.5) Axes
 - Level 1.7(2.5) Maces & Flails
 - Level 1.8(2.5) Polearms
 - Level 1.9(2.7) Staves
 - Level 1.8(2.2) Slings
 - Level 1.8 Bows
 - Level 1.9 Crossbows
 - Level 1.9(2.2) Throwing
 - Level 2.0 Armour
 - Level 5.1 Dodging
 - Level 4.1 Stealth
 - Level 1.9 Shields
 - Level 1.9 Unarmed Combat
 + Level 6.2 Spellcasting
 - Level 2.0 Invocations
 - Level 2.0 Evocations


You couldn't memorise any spells.
You knew the following spells:

 Your Spells              Type           Power      Damage    Failure   Level
a - Foxfire               Conj/Fire      100%       2x1d9     1%          1
b - Scorch                Fire           64%        2d8       1%          2
c - Conjure Flame         Conj/Fire      32%        6-21      2%          3
d - Inner Flame           Hex/Fire       32%        N/A       2%          3
e - Flame Wave            Conj/Fire      32%        2d8       7%          4
f - Slow                  Hex            100%       N/A       1%          1
g - Passwall              Tmut/Erth      26%        N/A       1%          2
h - Vampiric Draining     Necr           32%        2d8       2%          3
i - Fulminant Prism       Conj/Hex       16%        3d11      7%          4
Your spell library was empty.

Dungeon Overview and Level Annotations

Branches:
Dungeon (8/15)             Temple (1/1) D:4            Lair (0/6) D:8

Altars:
Ashenzari
Cheibriados
Dithmenos
Elyvilon
Fedhas
Gozag
Hepliaklqana
Kikubaaqudgha
Makhleb
Nemelex Xobeh
Okawaru
Qazlal
Ru
Sif Muna
Trog
Uskayaw
Vehumet
Wu Jian
Xom
Yredelemnul
Zin
The Shining One


Innate Abilities, Weirdness & Mutations

You are immune to sickness and miasma.
You are immune to poison.
Your flesh is very heat resistant. (rF++)
You are vulnerable to cold. (rC-)
You float through the air rather than walking.
You learn spells naturally, not from books.
Your magical power is your life essence.
You have superior vitality. (+4 MHP)


Message History

Flames lash the death yak.
The death yak is burned terribly!
The death yak is lightly wounded.
You hear a bellow!
Casting: Scorch (safe; 1% risk of failure)
Confirm with . or Enter, or press ? or * to list all spells.
Flames lash the death yak.
The death yak is moderately wounded.
The death yak's fire resistance burns away.
Casting: Scorch (safe; 1% risk of failure)
Confirm with . or Enter, or press ? or * to list all spells.
You miscast Scorch.
You are very lightly contaminated with residual magic.
Nothing appears to happen.
Casting: Scorch (safe; 1% risk of failure)
Confirm with . or Enter, or press ? or * to list all spells.
Flames lash the death yak.
The death yak is burned terribly!
The death yak is lightly wounded.
You hear a bellow!
Casting: Scorch (safe; 1% risk of failure)
Confirm with . or Enter, or press ? or * to list all spells.
Flames lash the death yak.
The death yak is burned terribly!
The death yak is moderately wounded.
You hear a bellow!
The death yak is engulfed in blazing flames.
The death yak gores you!
You hit the death yak but do no damage.
The death yak is moderately wounded.
The death yak is engulfed in blazing flames.
The death yak gores you!
A death yak comes into view.
The death yak is engulfed in blazing flames.
The death yak is no longer more vulnerable to fire.
The yak snorts and paws the ground.
The yak is engulfed in blazing flames.
Your magical contamination has completely faded away.
The death yak gores you!!
* * * LOW HITPOINT WARNING * * *
There is a stone staircase leading up here.
The death yak gores you!
You die...

.........#.##
...........#
.(.........#
..........##
..........#
.......Y.##
.........##
......YY..##
.......@...#
############


You could see 2 death yaks and a yak.

Vanquished Creatures
  A shadow (D:5)
  4 hogs (D:7)
  A yak (D:8)
  A human (D:7)
  Duvessa (D:7)
  A water moccasin (D:7)
  2 sky beasts
  2 black bears
  5 ogres
  2 centaurs
  2 bullfrogs
  A kobold brigand (D:8)
  A scorpion (D:4)
  3 wyvern zombies
  A water moccasin skeleton (D:6)
  Dowan (D:7)
  2 centaur zombies (D:5)
  2 bullfrog zombies
  6 hounds
  An orc priest (D:3)
  A centaur skeleton (D:5)
  3 iguanas
  3 orc wizards
  2 killer bee zombies (D:7)
  A hound skeleton (D:5)
  Robin (D:2)
  2 adders (D:6)
  A shadow imp (D:7)
  A white imp (D:7)
  An adder skeleton (D:4)
  6 worms
  A dart slug (D:2)
  20 orcs
  7 ball pythons
  4 bats
  3 endoplasms
  4 giant cockroaches (D:4)
  7 goblins
  9 hobgoblins
  2 quokkas
  3 frilled lizards
  9 kobolds
  3 rats
134 creatures vanquished.

Vanquished Creatures (others)
  204 foxfires
204 creatures vanquished.

Grand Total: 338 creatures vanquished

Notes
Turn   | Place    | Note
-------+----------+-------------------------------------------
     0 | D:1      | Woods the Djinni Fire Elementalist began the quest for the
                  | Orb.
     0 | D:1      | Reached XP level 1. HP: 15/15 MP: 0/0
   678 | D:1      | You are sucked into a shaft and drop 1 floor!
   681 | D:2      | Reached XP level 2. HP: 21/21 MP: 0/0
   995 | D:2      | Reached XP level 3. HP: 20/25 MP: 0/0
   995 | D:2      | Learned a level 1 spell: Slow
  1386 | D:2      | Noticed Robin
  1392 | D:2      | Killed Robin
  1856 | D:2      | Reached XP level 4. HP: 16/31 MP: 0/0
  2977 | D:3      | Reached skill level 3 in Spellcasting
  3136 | D:3      | Reached XP level 5. HP: 31/35 MP: 0/0
  3136 | D:3      | Learned a level 2 spell: Passwall
  4140 | D:3      | Found a faded altar of an unknown god.
  4590 | D:4      | Reached XP level 6. HP: 19/40 MP: 0/0
  5008 | D:4      | Noticed an ogre
  5026 | D:4      | Killed an ogre
  5096 | D:4      | Reached XP level 7. HP: 31/45 MP: 0/0
  5096 | D:4      | Learned a level 3 spell: Vampiric Draining
  5491 | D:4      | Found a staircase to the Ecumenical Temple.
  5498 | Temple   | Entered the Ecumenical Temple
  5526 | Temple   | Became a worshipper of Makhleb the Destroyer
  5683 | D:5      | Entered Level 5 of the Dungeon
  5689 | D:5      | Noticed a shadow
  5975 | D:5      | Reached skill level 5 in Dodging
  5975 | D:5      | Reached skill level 4 in Spellcasting
  6252 | D:5      | Found a shadowy altar of Dithmenos.
  6708 | D:5      | Reached skill level 5 in Spellcasting
  6708 | D:5      | Reached XP level 8. HP: 46/50 MP: 0/0
  7702 | D:5      | Reached skill level 6 in Spellcasting
  8043 | D:5      | Killed a shadow
  8772 | D:6      | Reached XP level 9. HP: 32/55 MP: 0/0
  8772 | D:6      | Learned a level 4 spell: Fulminant Prism
  9001 | D:6      | Reached skill level 1 in Long Blades
  9001 | D:6      | Reached skill level 1 in Bows
  9001 | D:6      | Reached skill level 1 in Throwing
  9001 | D:6      | Reached skill level 1 in Armour
  9001 | D:6      | Reached skill level 1 in Invocations
  9155 | D:6      | Reached skill level 1 in Staves
  9155 | D:6      | Reached skill level 1 in Evocations
  9159 | D:6      | Reached skill level 1 in Short Blades
  9159 | D:6      | Reached skill level 1 in Maces & Flails
  9159 | D:6      | Reached skill level 1 in Crossbows
  9159 | D:6      | Reached skill level 1 in Shields
  9159 | D:6      | Reached skill level 1 in Unarmed Combat
  9281 | D:6      | Reached skill level 1 in Axes
  9281 | D:6      | Reached skill level 1 in Polearms
  9281 | D:6      | Reached skill level 1 in Slings
 10205 | D:7      | Noticed Dowan
 10212 | D:7      | Noticed Duvessa
 10214 | D:7      | Killed Dowan
 10217 | D:7      | Killed Duvessa
 10483 | D:7      | Reached * piety under Makhleb
 11269 | D:7      | Reached XP level 10. HP: 9/60 MP: 0/0
 11856 | D:8      | Upgraded the game from 0.29-a0-43-g62a80824bf to
                  | 0.29-a0-72-g1732ff48e7
 11904 | D:8      | Reached skill level 1 in Fighting
 12327 | D:8      | Found a staircase to the Lair.
 12329 | D:8      | Noticed a death yak
 12335 | D:8      | Noticed a death yak
 12367 | D:8      | Noticed a death yak
 12373 | D:8      | HP: 2/64 [death yak (25)]
 12377 | D:8      | Demolished by a death yak

Illustrated notes

Levels and vault maps discovered:
D:1:      nicolae_arrival_somewhat_less_tricky_arrival, layout_basic
D:2:      layout_loops_ring, chequers_serial_rivers_small_b, st_stairs_14,
          grunt_ministairs_9, uniq_robin
D:3:      layout_basic, ebering_ecumenical_altar_hall
D:4:      layout_rooms, temple_green
D:5:      layout_gridville, nicolae_dithmenos_shadow_blocks, minmay_circle_x
D:6:      layout_loops_ring, nicolae_figureground_pulse
D:7:      layout_loops_corners, grunt_livestock, uniq_duvessa
D:8:      layout_cave_pods, dpeg_lair_monsters
Temple:   nicolae_temple_the_god_donut

Skill      XL: |  1  2  3  4  5  6  7  8  9 10 |
---------------+-------------------------------+-----
Stealth        | 2 3 4 |  4.1
Dodging        | 3 4 5 |  5.1
Spellcasting   | 3 5 6 |  6.2
Long Blades    | 1 |  1.9
Bows           | 1 |  1.8
Throwing       | 1 |  1.9
Armour         | 1 2 |  2.0
Invocations    | 1 2 |  2.0
Staves         | 1 |  1.9
Evocations     | 1 2 |  2.0
Short Blades   | 1 |  1.9
Maces & Flails | 1 |  1.7
Crossbows      | 1 |  1.9
Shields        | 1 |  1.9
Unarmed Combat | 1 |  1.9
Axes           | 1 |  1.8
Polearms       | 1 |  1.8
Slings         | 1 |  1.8
Fighting       | 2 |  2.0

Action                   |  1- 3 |  4- 6 |  7- 9 | 10-12 || total
-------------------------+-------+-------+-------+-------++-------
Melee: Unarmed           |     4 |     2 |     3 |     1 ||    10
 Cast: Foxfire           |    53 |    25 |    33 |    13 ||   124
       Scorch            |     6 |    47 |   131 |    19 ||   203
       Conjure Flame     |     1 |     3 |    13 |     3 ||    20
  Use: Scroll            |       |       |     6 |       ||     6
 Stab: Sleeping          |     1 |       |       |       ||     1
Armor: Robe              |     2 |     1 |    10 |       ||    13
Dodge: Dodged            |     5 |    19 |    55 |     1 ||    80

Table legend: (Time is in decaauts)
 A = Elapsed time spent in this place.
 B = Non-inter-level travel time spent in this place.
 C = Inter-level travel time spent in this place.
 D = Time resting spent in this place.
 E = Time spent auto-exploring this place.
 F = Levels seen in this place.
 G = Mean time per level.
                   A        B        C        D        E       F      G
               +--------+--------+--------+--------+--------+-----+--------+
         Total |  12377 |  12266 |    111 |   5102 |   5917 |   9 | 1375.2 |
       Dungeon |  12216 |  12105 |    111 |   5102 |   5797 |   8 | 1527.0 |
        Temple |    161 |    161 |      0 |      0 |    120 |   1 |  161.0 |
               +--------+--------+--------+--------+--------+-----+--------+

Top non-repeatable levels by time:
     D:5: 2478 daAuts
     D:2: 2276 daAuts
     D:7: 2092 daAuts
     D:4: 1462 daAuts
     D:6: 1360 daAuts
     D:3: 1343 daAuts
     D:1: 678 daAuts
     D:8: 524 daAuts
  Temple: 161 daAuts
